[Event "FIDE Open World Rapid 2024"]
[Site "New York"]
[Date "2024.12.27"]
[Round "7.8"]
[White "Duda, Jan-Krzysztof"]
[Black "Jacobson, Brandon"]
[Result "1-0"]
[ECO "C75"]
[WhiteElo "2740"]
[BlackElo "2583"]
[Annotator "TA"]
[PlyCount "115"]
[EventDate "2024.12.14"]
[EventType "swiss"]
[EventCountry "USA"]
[SourceTitle "playchess.com"]
[Source "ChessBase"]
[SourceQuality "1"]
[TimeControl "900+10"]

1. e4 e5 2. Nf3 Nc6 3. Bb5 a6 4. Ba4 d6 5. O-O Bd7 6. c3 Nge7 7. d4 Ng6 8. Be3 Be7 9. d5 Nb8 10. Bxd7+ Qxd7 11. c4 O-O 12. Nc3 f5 13. exf5 Qxf5 14. Nd2 Nh4 15. g3 Qg6 16. Kh1 Nf5 17. Nde4 Nd7 18. Qd3 Rf7 19. Rae1 Raf8 20. h3 Nc5 21. Qd1 Nxe4 22. Nxe4 h5 23. Qb1 c5 24. b4 cxb4 25. Qxb4 h4 26. g4 Ng3+ 27. Nxg3 hxg3 28. Qb1 Qf6 29. f3 Qh4 30. Kg2 Bg5 31. c5 Bxe3 32. Rxe3 Qh6 33. Qe1 dxc5 34. Rxe5 (34. Kxg3 Re8 $15) 34... Qf4 {[%emt 0:00:13] [#]} (34... c4 $14) 35. Qc3 (35. Qe2 $1 $16) 35... b6 (35... b5 $11 {remains equal.}) 36. d6 $16 Rd8 (36... Qf6 $2 37. Rd1 (37. Kxg3 Qxd6 38. f4 Rc8 $11) 37... Rd7 (37... Qxf3+ $2 38. Qxf3 Rxf3 39. d7 $18) 38. Qc4+ (38. Kxg3 Qf4+ 39. Kg2 Qf7 $18) 38... Qf7 39. Qe2 $18 (39. Qxa6 $2 Qxf3+ 40. Kg1 Qf2+ 41. Kh1 Qh2#)) (36... b5 $16) 37. Rd1 $18 Qf6 $2 (37... b5 38. Rxc5 Rxd6) 38. g5 $18 (38. Kxg3 Rxd6 39. Rxd6 (39. Re8+ Kh7 $11) 39... Qxd6 $14) 38... Qg6 39. Qc4 Kf8 (39... b5 $142 40. Qd5 (40. Qxc5 Rxf3 41. Qd5+ Rf7 $18) 40... Qc2+ 41. Rd2 (41. Kxg3 Qc4 $18) 41... Qc4 42. Qxc5 Kh7) 40. Qe4 $2 (40. Kxg3 Rf5 41. Rxf5+ Qxf5 $14) (40. Qxa6 Rxf3 41. Qc4 (41. Kxf3 Qh5+ 42. Kg2 Qxd1 $11) 41... Qf7 $18) (40. Rde1 a5 41. Qd5 (41. Kxg3 Qxd6 42. Kg2 Qc6 $14)) 40... Qxe4 $18 41. fxe4 (41. Rxe4 Rfd7 $11) 41... Rfd7 {[%emt 0:00:12] [#]} 42. Rf5+ $1 (42. Kxg3 Rxd6 43. Rf1+ Kg8 $11) (42. Red5 Kf7 $14) 42... Rf7 $2 (42... Ke8 43. e5 (43. Kxg3 Rxd6 44. Rdf1 c4 $15) 43... Rf7) 43. Kxg3 $18 c4 (43... g6 $142 44. Rf6 Rxf6 45. gxf6 Kf7) 44. Kf4 $18 c3 45. Rc1 Rxd6 46. Rxc3 g6 47. Rc8+ Kg7 48. Rxf7+ Kxf7 49. Rc7+ Kf8 50. Ra7 a5 51. Rb7 Rd3 $2 (51... Re6 52. h4 Rc6) 52. h4 $18 ({Weaker is} 52. Rxb6 Rxh3 53. Ke5 (53. Rxg6 Ra3 $11) 53... Ra3 $16) 52... Rh3 53. Rxb6 Rxh4+ 54. Ke5 Kf7 55. Ra6 Rg4 56. Ra7+ (56. Rxa5 $2 Rxg5+ 57. Kf4 Rxa5 $19) 56... Ke8 57. Kf6 (57. Rxa5 $2 {perishes.} Rxg5+ 58. Kf4 Rxa5 $19) 57... Rxe4 58. Rxa5 1-0

[Event "FIDE Open World Rapid 2024"]
[Site "New York"]
[Date "2024.12.27"]
[Round "7.8"]
[White "Sarana, Alexey"]
[Black "Bilych, Oleksii"]
[Result "1-0"]
[ECO "D53"]
[WhiteElo "2674"]
[BlackElo "2435"]
[Annotator "ChessBase"]
[PlyCount "97"]
[EventDate "2024.12.14"]
[EventType "swiss"]
[EventCountry "USA"]
[SourceTitle "playchess.com"]
[Source "ChessBase"]
[SourceQuality "1"]
[TimeControl "900+10"]

1. d4 d5 2. c4 e6 3. Nc3 Nf6 4. Bg5 c6 5. e3 h6 6. Bh4 Be7 7. Nf3 O-O 8. Bd3 dxc4 9. Bxc4 c5 10. O-O cxd4 11. exd4 Nc6 12. Re1 Nh5 13. Re4 Bxh4 14. Rxh4 Nf6 15. Ne5 Qa5 16. Qe2 Ne7 17. Rd1 b6 18. Qf3 Nfd5 19. Bd3 f5 20. Qg3 Rf6 21. Bc4 Ba6 22. Bxd5 Nxd5 23. Nd7 Rf7 24. Ne5 Rf6 25. Nxd5 Qxd5 26. Qa3 Bb7 27. f3 a5 28. Rh3 Rc8 29. Rg3 Rc7 30. h4 Kh7 31. h5 f4 32. Rg4 Rf5 33. Ng6 Qc4 34. Nxf4 e5 35. Ng6 e4 36. Nh4 Rxh5 37. Qd6 exf3 38. Qg6+ Kg8 39. Qe8+ Kh7 40. Qxh5 f2+ 41. Kh2 f1=Q 42. Rxf1 Qxf1 43. Nf5 Qc1 44. Qg6+ Kh8 45. Qe8+ Kh7 46. Qf8 g6 47. Ne7 Qc4 48. d5 Qxg4 49. Qg8# 1-0

[Event "FIDE Open World Rapid 2024"]
[Site "New York"]
[Date "2024.12.27"]
[Round "7.9"]
[White "Pichot, Alan"]
[Black "Mamedyarov, Shakhriyar"]
[Result "1/2-1/2"]
[ECO "C24"]
[WhiteElo "2637"]
[BlackElo "2738"]
[Annotator "TA"]
[PlyCount "40"]
[EventDate "2024.12.14"]
[EventType "swiss"]
[EventCountry "USA"]
[SourceTitle "playchess.com"]
[Source "ChessBase"]
[SourceQuality "1"]
[TimeControl "900+10"]

1. e4 e5 2. Nf3 Nc6 3. Bc4 Nf6 4. d3 d5 5. exd5 Nxd5 6. O-O Bc5 7. Re1 O-O 8. Nbd2 Nf6 9. h3 ({Inferior is} 9. Nxe5 Bxf2+ 10. Kxf2 Nxe5 $17) 9... h6 10. c3 ({Don't play} 10. Nxe5 Qd4 11. Nef3 Qxf2+ 12. Kh1 Bd7 $15) 10... Re8 11. b4 Bd6 12. a4 a5 (12... a6 $14) 13. b5 $16 {[%emt 0:00:13][%cal Od1b3] [#] Black must now prevent Qb3!} Nb8 14. Qb3 {[%emt 0:01:25][%cal Od3d4] Hoping for d4!} Be6 15. d4 (15. Nxe5 $16 {aiming for d4.} Bxe5 16. Rxe5) 15... Bxc4 $14 16. Nxc4 exd4 17. Rxe8+ ({Don't do} 17. cxd4 $6 Rxe1+ 18. Nxe1 Nbd7 $18) 17... Nxe8 18. cxd4 {[%emt 0:00:09] White is slightly better.} Nd7 19. Bd2 b6 $1 20. Rc1 Nf8 {[%emt 0:02:12] Weighted Error Value: White=0.08 (flawless) /Black=0.06 (flawless) .  Mistake:       	White=1     	Black=1      Inaccurate:     	White=1     	Black=1      OK:         	White=6     	Black=5      Best:        	White=1     	Black=2      Strong:       	---       	Black=1} 1/2-1/2

[Event "FIDE Open World Rapid 2024"]
[Site "New York"]
[Date "2024.12.27"]
[Round "7.9"]
[White "Salem, A.R. Saleh"]
[Black "Dudin, Gleb"]
[Result "1/2-1/2"]
[ECO "D35"]
[WhiteElo "2622"]
[BlackElo "2506"]
[Annotator "ChessBase"]
[PlyCount "207"]
[EventDate "2024.12.14"]
[EventType "swiss"]
[EventCountry "USA"]
[SourceTitle "playchess.com"]
[Source "ChessBase"]
[SourceQuality "1"]
[TimeControl "900+10"]

1. d4 d5 2. c4 e6 3. Nc3 Nf6 4. cxd5 exd5 5. Bg5 h6 6. Bxf6 Qxf6 7. Nxd5 Qd8 8. Nc3 Bd6 9. Nf3 O-O 10. g3 c5 11. Bg2 cxd4 12. Nxd4 Be5 13. e3 Nc6 14. Nxc6 bxc6 15. Qxd8 Rxd8 16. Rc1 Ba6 17. b3 Rac8 18. Bf1 Bb7 19. Be2 c5 20. Rg1 a5 21. Na4 Bc6 22. Nb6 Rb8 23. Rxc5 Rxb6 24. Rxe5 a4 25. Bd1 axb3 26. axb3 Ra6 27. Rc5 Ra1 28. Ke2 Bb7 29. b4 g5 30. h3 Rb1 31. b5 Ra8 32. Re1 Raa1 33. Kd2 Bg2 34. f4 Bxh3 35. fxg5 hxg5 36. Rxg5+ Kf8 37. Rd5 Be6 38. Rd4 Rb2+ 39. Kd3 Rxb5 40. Ke2 Rbb1 41. Kf2 Ke7 42. Rf1 Rb2+ 43. Be2 Raa2 44. Re1 Bd7 45. Kf3 Bc6+ 46. e4 f5 47. Bd3 Rf2+ 48. Ke3 fxe4 49. Bxe4 Bxe4 50. Rxe4+ Kf7 51. Rd4 Rf6 52. Red1 Ra3+ 53. R1d3 Rxd3+ 54. Rxd3 Kg6 55. Ke4 Kg5 56. Rd8 Re6+ 57. Kf3 Rf6+ 58. Kg2 Ra6 59. Rg8+ Kf6 60. Kh3 Kf7 61. Rg5 Kf6 62. Kh4 Ra4+ 63. Kh5 Kf7 64. Kh6 Ra1 65. g4 Rh1+ 66. Rh5 Rg1 67. Rg5 Rh1+ 68. Rh5 Rg1 69. Rf5+ Kg8 70. Rg5+ Kh8 71. Kg6 Kg8 72. Kf6+ Kf8 73. Rg6 Rf1+ 74. Kg5 Kf7 75. Ra6 Kg7 76. Ra7+ Kg8 77. Kg6 Rf8 78. Rg7+ Kh8 79. Rf7 Ra8 80. Re7 Kg8 81. Rg7+ Kh8 82. Kh6 Rb8 83. g5 Ra8 84. Rf7 Kg8 85. Kg6 Rb8 86. Rg7+ Kh8 87. Re7 Kg8 88. Re6 Ra8 89. Kf6 Rf8+ 90. Kg6 Ra8 91. Rd6 Rb8 92. Kh6 Ra8 93. Rg6+ Kh8 94. Rg7 Rb8 95. Ra7 Kg8 96. g6 Rc8 97. Ra6 Rb8 98. Rf6 Rc8 99. g7 Rb8 100. Kg6 Ra8 101. Re6 Rb8 102. Rf6 Ra8 103. Re6 Rb8 104. Rf6 1/2-1/2

[Event "FIDE Open World Rapid 2024"]
[Site "New York"]
[Date "2024.12.27"]
[Round "7.10"]
[White "Cheparinov, Ivan"]
[Black "Matviishen, Viktor"]
[Result "1-0"]
[ECO "B90"]
[WhiteElo "2646"]
[BlackElo "2566"]
[Annotator "ChessBase"]
[PlyCount "61"]
[EventDate "2024.12.14"]
[EventType "swiss"]
[EventCountry "USA"]
[SourceTitle "playchess.com"]
[Source "ChessBase"]
[SourceQuality "1"]
[TimeControl "900+10"]

1. e4 c5 2. Nf3 d6 3. d4 cxd4 4. Nxd4 Nf6 5. Nc3 a6 6. f3 e5 7. Nb3 Be7 8. Be3 Be6 9. Qd2 h5 10. Nd5 Nxd5 11. exd5 Bf5 12. Be2 a5 13. a4 O-O 14. O-O Nd7 15. f4 exf4 16. Bxf4 Rc8 17. c3 Bg6 18. Bb5 Ne5 19. Rae1 Bf6 20. Kh1 Qc7 21. h3 Nd7 22. Nxa5 Nc5 23. Nc4 Rfd8 24. Re3 Ra8 25. Rfe1 Kh7 26. Qd1 Nxa4 27. Nxd6 Nb6 28. Bd3 Bxd3 29. Qxd3+ Kg8 30. Bh2 Qc5 31. Nxb7 1-0

[Event "FIDE Open World Rapid 2024"]
[Site "New York"]
[Date "2024.12.27"]
[Round "7.11"]
[White "Can, Isik"]
[Black "Sindarov, Javokhir"]
[Result "0-1"]
[ECO "B36"]
[WhiteElo "2499"]
[BlackElo "2682"]
[Annotator "ChessBase"]
[PlyCount "128"]
[EventDate "2024.12.14"]
[EventType "swiss"]
[EventCountry "USA"]
[SourceTitle "playchess.com"]
[Source "ChessBase"]
[SourceQuality "1"]
[TimeControl "900+10"]

1. e4 c5 2. Nf3 g6 3. c4 Nc6 4. d4 cxd4 5. Nxd4 Nf6 6. Nc3 d6 7. Be2 Nxd4 8. Qxd4 Bg7 9. Be3 O-O 10. Qd3 Bd7 11. O-O a6 12. a3 b5 13. cxb5 axb5 14. f3 Rb8 15. b4 Qc7 16. Rac1 Qb7 17. g4 Rfc8 18. g5 Nh5 19. Nxb5 Rxc1 20. Rxc1 Bb2 21. Rc2 Bxb5 22. Qxb5 Qxb5 23. Bxb5 Bxa3 24. Be2 Rxb4 25. Rc7 e6 26. Rc6 Rb1+ 27. Kf2 Bc5 28. Bxc5 dxc5 29. Rxc5 Nf4 30. Bf1 Kg7 31. Ke3 Nh5 32. Bc4 Re1+ 33. Kd2 Rh1 34. Rc7 Rxh2+ 35. Ke3 Rc2 36. Kd3 Rg2 37. Ke3 Kf8 38. Rc8+ Ke7 39. Rc7+ Ke8 40. Bb5+ Kf8 41. Rc8+ Kg7 42. Rc7 Rxg5 43. Be8 Ra5 44. Bxf7 Kf6 45. Bg8 Ra3+ 46. Kf2 h6 47. Rf7+ Ke5 48. Rh7 Ra2+ 49. Kg1 Ra8 50. Bf7 Nf4 51. Rxh6 Kf6 52. Rh7 Rf8 53. Bxg6 Kxg6 54. Ra7 Rb8 55. Kf2 Kf6 56. Kg3 Ne2+ 57. Kf2 Rb2 58. Ke3 Ng3 59. Kf4 Rg2 60. e5+ Kg6 61. Re7 Nh5+ 62. Ke3 Kf5 63. Rh7 Ng7 64. Kd4 Kf4 0-1

[Event "FIDE Open World Rapid 2024"]
[Site "New York"]
[Date "2024.12.27"]
[Round "7.11"]
[White "Druska, Juraj"]
[Black "Fressinet, Laurent"]
[Result "1/2-1/2"]
[ECO "C47"]
[WhiteElo "2423"]
[BlackElo "2588"]
[Annotator "ChessBase"]
[PlyCount "143"]
[EventDate "2024.12.14"]
[EventType "swiss"]
[EventCountry "USA"]
[SourceTitle "playchess.com"]
[Source "ChessBase"]
[SourceQuality "1"]
[TimeControl "900+10"]

1. e4 e5 2. Nf3 Nc6 3. Nc3 Nf6 4. d4 exd4 5. Nxd4 Bc5 6. Nxc6 bxc6 7. Bd3 O-O 8. O-O d5 9. exd5 cxd5 10. h3 c6 11. Qf3 Rb8 12. Bf4 Bd6 13. b3 Be6 14. Rad1 Bxf4 15. Qxf4 Qa5 16. Qd2 Qc7 17. Ne2 c5 18. Qf4 Qa5 19. Ng3 Qb4 20. Qxb4 Rxb4 21. Rfe1 g6 22. Be2 a5 23. Bf3 a4 24. Re5 Rc8 25. Re3 Rb6 26. Rd2 Ra6 27. Be2 Ra5 28. Bf3 axb3 29. axb3 Ra2 30. Ree2 Ra1+ 31. Kh2 Kg7 32. Re5 c4 33. bxc4 dxc4 34. Ne4 c3 35. Re2 Bc4 36. Re3 Nd5 37. Nd6 Nxe3 38. Rxe3 Rc5 39. Rxc3 Ra4 40. Be2 Bxe2 41. Rxc5 Rd4 42. Ne8+ Kf8 43. Nf6 Kg7 44. Nd5 Rd2 45. Kg3 h5 46. h4 Bg4 47. Ne3 Be6 48. Rc3 Rd4 49. Rd3 Ra4 50. Rd2 Kf6 51. c3 Ke5 52. Re2 Kd6 53. f3 Ra3 54. Rc2 Kc5 55. Kf2 Ra4 56. c4 Ra3 57. Rd2 Rb3 58. Ra2 Rc3 59. Ra7 Rb3 60. Ra2 Rc3 61. Rd2 Kc6 62. Rd8 Kc5 63. Rd2 Kc6 64. Rd4 Kc5 65. Re4 Rc1 66. g4 hxg4 67. fxg4 Rh1 68. Kg3 Kd6 69. Ng2 Kc5 70. Ne3 Kd6 71. Ng2 Kc5 72. Ne3 1/2-1/2

[Event "FIDE Open World Rapid 2024"]
[Site "New York"]
[Date "2024.12.27"]
[Round "7.12"]
[White "Pranav, V."]
[Black "Grigoryan, Karen H."]
[Result "1-0"]
[ECO "C47"]
[WhiteElo "2621"]
[BlackElo "2618"]
[Annotator "ChessBase"]
[PlyCount "45"]
[EventDate "2024.12.14"]
[EventType "swiss"]
[EventCountry "USA"]
[SourceTitle "playchess.com"]
[Source "ChessBase"]
[SourceQuality "1"]
[TimeControl "900+10"]

1. e4 e5 2. Nf3 Nc6 3. Nc3 Nf6 4. Nd5 Be7 5. Bd3 d6 6. c3 Be6 7. Nxe7 Qxe7 8. O-O d5 9. Bb5 dxe4 10. Nxe5 O-O 11. Nxc6 bxc6 12. Bxc6 Rad8 13. Re1 Bg4 14. Qa4 Rd3 15. b3 Qc5 16. Ba3 Qg5 17. Qb5 Nd5 18. h4 Qg6 19. Bxd5 Bf3 20. g3 Rxd2 21. Bxe4 Bxe4 22. Bxf8 Bc6 23. Qg5 1-0

[Event "FIDE Open World Rapid 2024"]
[Site "New York"]
[Date "2024.12.27"]
[Round "7.12"]
[White "Bezold, Michael"]
[Black "Saraci, Nderim"]
[Result "1/2-1/2"]
[ECO "A20"]
[WhiteElo "2469"]
[BlackElo "2431"]
[Annotator "ChessBase"]
[PlyCount "41"]
[EventDate "2024.12.14"]
[EventType "swiss"]
[EventCountry "USA"]
[SourceTitle "playchess.com"]
[Source "ChessBase"]
[SourceQuality "1"]
[TimeControl "900+10"]

1. c4 e5 2. b3 g6 3. Bb2 Bg7 4. g3 f5 5. Bg2 Nc6 6. e3 d6 7. Nc3 Nf6 8. d3 O-O 9. Nge2 Ne7 10. Qd2 c6 11. f4 exf4 12. gxf4 Rb8 13. O-O b5 14. Rae1 bxc4 15. dxc4 d5 16. Rd1 Re8 17. cxd5 Nexd5 18. Nxd5 cxd5 19. Be5 Rb6 20. Rc1 Ng4 21. Qxd5+ 1/2-1/2

[Event "FIDE Open World Rapid 2024"]
[Site "New York"]
[Date "2024.12.27"]
[Round "7.13"]
[White "Bu, Xiangzhi"]
[Black "Nepomniachtchi, Ian"]
[Result "1/2-1/2"]
[ECO "D55"]
[WhiteElo "2684"]
[BlackElo "2755"]
[Annotator "TA"]
[PlyCount "119"]
[EventDate "2024.12.14"]
[EventType "swiss"]
[EventCountry "USA"]
[SourceTitle "playchess.com"]
[Source "ChessBase"]
[SourceQuality "1"]
[TimeControl "900+10"]

1. d4 Nf6 2. c4 e6 3. Nf3 d5 4. Nc3 Be7 5. Bg5 h6 6. Bxf6 Bxf6 7. Qb3 c6 8. e3 O-O 9. Be2 Nd7 10. O-O dxc4 11. Qxc4 e5 12. Ne4 exd4 13. Nxf6+ Nxf6 14. Nxd4 Qe7 15. Rac1 Bd7 16. Bf3 Rfc8 17. Qc5 Qxc5 18. Rxc5 Re8 19. b4 Ne4 20. Bxe4 Rxe4 21. Rd1 Kf8 22. a3 g6 23. Rc3 a5 24. h3 Re7 25. Rb1 axb4 26. axb4 Ra6 27. Rcc1 Rb6 28. Rc4 Re4 29. Kf1 Ke8 30. Ke2 Be6 31. Rc5 Bd7 32. Kd3 Re7 33. Kc3 (33. Ra1 $14 Be6 34. Kc3) 33... Ra6 $11 34. Ra5 Rxa5 35. bxa5 {[%emt 0:00:01][%cal Oa5a6][%mdl 4096] Endgame KRB-KRN} Re5 36. Rxb7 {[%emt 0:00:33] and a6 would now be decisive} Rxa5 37. Nb3 Ra2 38. Nc5 Bc8 39. Rc7 Be6 40. Nxe6 fxe6 {[%emt 0:00:01] KR-KR} 41. Rg7 g5 42. f4 Rxg2 43. Rg6 Kf7 44. Rxh6 gxf4 45. exf4 Rf2 46. Rh7+ Kf6 47. Rc7 Rxf4 48. Rxc6 Kf5 49. Kd2 Rf2+ 50. Ke1 Rh2 51. Rc3 e5 52. Rf3+ Ke4 53. Ra3 Kf4 54. Kf1 e4 55. Ke1 e3 {[%emt 0:00:07][%cal Of4f3] ( -> ...Kf3!)} 56. Ra8 Rxh3 57. Rf8+ Ke4 58. Re8+ Kf3 (58... Kd3 $5 59. Rd8+ $8 Ke4 $11) 59. Rf8+ Ke4 60. Re8+ 1/2-1/2

[Event "FIDE Open World Rapid 2024"]
[Site "New York"]
[Date "2024.12.27"]
[Round "7.13"]
[White "Kevlishvili, Robby"]
[Black "Karthik Venkataraman"]
[Result "0-1"]
[ECO "B30"]
[WhiteElo "2556"]
[BlackElo "2603"]
[Annotator "ChessBase"]
[PlyCount "64"]
[EventDate "2024.12.14"]
[EventType "swiss"]
[EventCountry "USA"]
[SourceTitle "playchess.com"]
[Source "ChessBase"]
[SourceQuality "1"]
[TimeControl "900+10"]

1. e4 c5 2. Nf3 Nc6 3. Bb5 e6 4. Bxc6 bxc6 5. d3 Qc7 6. O-O Ne7 7. Re1 Ng6 8. h4 h5 9. e5 Be7 10. Nbd2 f6 11. Ne4 Nxe5 12. Nxe5 Qxe5 13. Ng3 Qc7 14. Nxh5 Bf8 15. Qg4 d6 16. Nf4 e5 17. Qg3 Bf5 18. Ng6 Bxg6 19. Qxg6+ Qf7 20. Qg4 Qh5 21. Qa4 Kd7 22. g3 g5 23. Qb3 Rc8 24. Bd2 gxh4 25. Ba5 Be7 26. Kg2 h3+ 27. Kh2 Qf3 28. Rg1 Qxf2+ 29. Kh1 Rb8 30. Qf7 Qf3+ 31. Kh2 Rxb2 32. Rac1 Qxd3 0-1

[Event "FIDE Open World Rapid 2024"]
[Site "New York"]
[Date "2024.12.27"]
[Round "7.14"]
[White "Aronian, Levon"]
[Black "Nesterov, Arseniy"]
[Result "1-0"]
[ECO "C24"]
[WhiteElo "2747"]
[BlackElo "2599"]
[Annotator "TA"]
[PlyCount "117"]
[EventDate "2024.12.14"]
[EventType "swiss"]
[EventCountry "USA"]
[SourceTitle "playchess.com"]
[Source "ChessBase"]
[SourceQuality "1"]
[TimeControl "900+10"]

1. e4 e5 2. Bc4 Nf6 3. d3 c6 4. Nf3 d5 5. Bb3 a5 {[%emt 0:00:01] Hoping for ...a4.} 6. a4 Bd6 7. exd5 cxd5 8. Bg5 Be6 9. Nc3 d4 10. Bxf6 gxf6 11. Bxe6 fxe6 (11... dxc3 $11 12. Bc4 cxb2) 12. Nb5 $14 O-O 13. O-O Nc6 14. c3 dxc3 15. bxc3 Qd7 16. Qb3 Kh8 17. Rfe1 Rad8 18. d4 Bb8 19. Rad1 Qf7 20. dxe5 Nxe5 21. Nbd4 Ba7 (21... Rc8 $14) 22. Nxe5 $16 (22. Qxe6 Nxf3+ 23. gxf3 Qg6+ 24. Qg4 Bxd4 25. Rxd4 Rxd4 26. cxd4 Qc2 $11) (22. Nxe6 Rxd1 23. Rxd1 Nxf3+ 24. gxf3 Rg8+ 25. Kf1 Qh5 $17) 22... fxe5 23. Nf3 {[%emt 0:00:01] Active counter play!} (23. Nxe6 $2 Bxf2+ 24. Kh1 Bxe1 $19) (23. Rxe5 $2 Qxf2+ 24. Kh1 Qf1+ 25. Rxf1 Rxf1#) 23... Rxd1 24. Qxd1 Qf4 25. Qc2 (25. Rxe5 $6 Bxf2+ 26. Kh1 (26. Kxf2 $2 Qxe5 27. Qd7 Qxc3 $19) 26... Qc4 $14) (25. Qb1 $142) 25... Rg8 (25... Qg4 $16 26. Qe2 (26. Nxe5 Rxf2 27. Nxg4 Rxc2+ 28. Kf1 h5 $11) 26... Rf5) 26. Nxe5 $18 Rg5 27. g3 Qf6 28. Qe2 Rf5 29. Ng4 $1 Qxc3 30. Qxe6 Rf8 {[%emt 0:00:07] Prevents Qe8.} 31. Re4 Bd4 32. Qd7 Bc5 33. Qd5 $40 {[%emt 0:00:41][%cal Og1g2][%mdl 128] White attacks with force.} (33. Qxb7 Qd2 34. Kh1 Qd1+ (34... h5 $2 35. Re5 $18) 35. Kg2 Qf3+ 36. Kh3 h5 $18) 33... b6 (33... Qb2 34. Qe5+ (34. Qxc5 Qb1+ 35. Kg2 Qxe4+ 36. Kh3 Qf5 $11) 34... Qxe5 35. Rxe5 Rc8) 34. Kg2 Qf3+ 35. Kh3 Qf7 36. Re6 Qf5 (36... Bxf2 $16 37. Nh6 Qg7) 37. Re5 Qf7 38. f4 Qxd5 39. Rxd5 {[%emt 0:00:01][%mdl 4096] Endgame KRB-KRN. White is a pawn up.} Kg7 40. Ne5 Re8 41. Kg4 Kf6 42. Kf3 Rc8 43. Ke4 Bg1 44. Rd6+ Kg7 45. Rd7+ Kg8 46. h3 b5 47. Rd5 (47. axb5 a4 48. f5 Rf8 $18) (47. f5 $142 {and f6 would now be decisive} Rf8 48. axb5) 47... bxa4 48. Rxa5 Rc3 49. g4 ({Less strong is} 49. Rxa4 Rxg3 50. Ra2 Bc5 $16) 49... Rxh3 50. Rxa4 Rb3 $2 (50... Re3+ {was necessary.} 51. Kf5 Rb3) 51. g5 Rb8 {[%emt 0:00:16] Dodges Ra8} 52. Rc4 {[%emt 0:00:10] Wards off Bc5} Re8 53. Kf3 Bb6 54. Ng4 {[%emt 0:00:06] White wants to mate with Nf6+.} Kf7 55. Rc6 Rb8 (55... Bd8 $142 56. Nh6+ Kf8) 56. Rh6 (56. Ne5+ $142 Ke8 57. f5 (57. Re6+ Kd8 $18)) 56... Kg7 57. Nf6 Bd4 58. Rxh7+ Kg6 59. Kg4 1-0

[Event "FIDE Open World Rapid 2024"]
[Site "New York"]
[Date "2024.12.27"]
[Round "7.14"]
[White "Kacharava, Nikolozi"]
[Black "Ibarra Jerez, Jose Carlos"]
[Result "0-1"]
[ECO "C78"]
[WhiteElo "2510"]
[BlackElo "2556"]
[Annotator "ChessBase"]
[PlyCount "102"]
[EventDate "2024.12.14"]
[EventType "swiss"]
[EventCountry "USA"]
[SourceTitle "playchess.com"]
[Source "ChessBase"]
[SourceQuality "1"]
[TimeControl "900+10"]

1. e4 e5 2. Nf3 Nc6 3. Bb5 a6 4. Ba4 Nf6 5. d3 Bc5 6. c3 O-O 7. O-O d6 8. h3 Ba7 9. Nbd2 Kh8 10. Re1 Ng8 11. Nf1 f5 12. exf5 Bxf5 13. Ng3 Bd7 14. Be3 Bxe3 15. Rxe3 Nf6 16. d4 Nd5 17. Re1 exd4 18. Nxd4 Nf4 19. Nxc6 bxc6 20. Qd2 Qg5 21. Rad1 h5 22. h4 Qxh4 23. Ne4 Nxg2 24. Kxg2 Bh3+ 25. Kg1 Qg4+ 26. Ng3 Qxa4 27. Re4 Qa5 28. b4 Qd5 29. Qxd5 cxd5 30. Rxd5 g6 31. Re7 Rae8 32. Rxc7 Re1+ 33. Kh2 Bg4 34. Rd2 h4 35. Rc4 hxg3+ 36. Kxg3 Bf3 37. Rxd6 Rg1+ 38. Kh3 Rf7 39. Rd8+ Kg7 40. Rdc8 Bd5 41. R4c5 Be6+ 42. Kh2 Rf1 43. R8c7 R1xf2+ 44. Kg3 Rxa2 45. Rxf7+ Kxf7 46. Rc6 Kf6 47. Kf4 g5+ 48. Kg3 Ra3 49. Rc5 Ra1 50. Rc6 g4 51. Rc5 Rd1 0-1

[Event "FIDE Open World Rapid 2024"]
[Site "New York"]
[Date "2024.12.27"]
[Round "7.15"]
[White "Lomasov, Semyon"]
[Black "So, Wesley"]
[Result "1/2-1/2"]
[ECO "C55"]
[WhiteElo "2559"]
[BlackElo "2747"]
[Annotator "TA"]
[PlyCount "52"]
[EventDate "2024.12.14"]
[EventType "swiss"]
[EventCountry "USA"]
[SourceTitle "playchess.com"]
[Source "ChessBase"]
[SourceQuality "1"]
[TimeControl "900+10"]

1. e4 e5 2. Nf3 Nc6 3. Bc4 Nf6 4. d3 Be7 5. Nc3 d6 6. a4 O-O 7. O-O Be6 8. Nd5 Bxd5 9. exd5 Nb4 10. d4 Nbxd5 11. dxe5 dxe5 12. Nxe5 c6 13. Nd3 Qc7 14. Re1 Rae8 15. g3 Bd6 16. Bg5 Rxe1+ 17. Qxe1 h6 18. Bxf6 Nxf6 19. Qe3 a6 20. Qf3 b5 21. axb5 axb5 22. Bb3 c5 {[%emt 0:00:05] And now ...c4 would win.} 23. c4 b4 24. Ra6 Rd8 25. Kg2 Qe7 26. Ba4 Be5 1/2-1/2

[Event "FIDE Open World Rapid 2024"]
[Site "New York"]
[Date "2024.12.27"]
[Round "7.15"]
[White "Moradiabadi, Elshan"]
[Black "Suleymenov, Alisher"]
[Result "1/2-1/2"]
[ECO "A34"]
[WhiteElo "2512"]
[BlackElo "2500"]
[Annotator "ChessBase"]
[PlyCount "66"]
[EventDate "2024.12.14"]
[EventType "swiss"]
[EventCountry "USA"]
[SourceTitle "playchess.com"]
[Source "ChessBase"]
[SourceQuality "1"]
[TimeControl "900+10"]

1. c4 Nf6 2. Nc3 c5 3. Nf3 d5 4. cxd5 Nxd5 5. e4 Nb4 6. Bc4 Nd3+ 7. Ke2 Nf4+ 8. Kf1 Ne6 9. h4 Nc6 10. d3 Ned4 11. Bf4 e6 12. Nb5 Nxb5 13. Bxb5 Bd7 14. Rc1 Be7 15. h5 h6 16. Qd2 a6 17. Bxc6 Bxc6 18. Ne5 Bb5 19. Rh3 Rc8 20. Kg1 Bg5 21. Bxg5 hxg5 22. Ng4 f6 23. Qe3 b6 24. Qf3 Kf7 25. Ne5+ Kg8 26. Ng4 e5 27. h6 Bd7 28. hxg7 Rxh3 29. Qxh3 Bxg4 30. Qxg4 Kxg7 31. b4 Rc7 32. bxc5 Rxc5 33. Rxc5 bxc5 1/2-1/2

[Event "FIDE Open World Rapid 2024"]
[Site "New York"]
[Date "2024.12.27"]
[Round "7.16"]
[White "Tari, Aryan"]
[Black "Yu, Yangyi"]
[Result "0-1"]
[ECO "C47"]
[WhiteElo "2629"]
[BlackElo "2724"]
[Annotator "TA"]
[PlyCount "161"]
[EventDate "2024.12.14"]
[EventType "swiss"]
[EventCountry "USA"]
[SourceTitle "playchess.com"]
[Source "ChessBase"]
[SourceQuality "1"]
[TimeControl "900+10"]

1. e4 e5 2. Nf3 Nf6 3. Nc3 Nc6 4. h3 Bb4 5. a3 Bxc3 6. dxc3 d6 7. Bd3 Ne7 8. Be3 a5 9. Qe2 Ng6 10. O-O-O Qe7 11. g3 Bd7 12. c4 Bc6 13. Nd2 Nd7 14. f4 Nc5 15. f5 Nf8 16. g4 Nfd7 17. g5 O-O-O 18. b4 Nxd3+ 19. Qxd3 h6 20. h4 axb4 21. axb4 b6 22. Nb1 g6 23. f6 Qe6 24. Nc3 hxg5 25. hxg5 Kb8 26. Nd5 Bb7 27. Kb2 Rxh1 28. Rxh1 Qg4 29. Ra1 Rh8 30. c5 dxc5 31. bxc5 Nxc5 32. Bxc5 bxc5 33. Qc4 Rd8 34. Qxc5 Bxd5 35. exd5 Qd4+ 36. Qxd4 exd4 37. Ra5 Re8 38. d6 cxd6 39. Rd5 Kc7 40. Ra5 Kd7 41. Kb3 Ke6 42. Kc4 Rc8+ 43. Kxd4 Rxc2 44. Ra7 Rc5 45. Re7+ Kf5 46. Rxf7 Kxg5 47. Rd7 Rf5 48. f7 Kh6 49. Ke3 Rf6 50. Rxd6 Rxf7 51. Rd1 g5 52. Rh1+ Kg6 53. Rg1 Rf4 54. Rb1 Kf5 55. Ra1 Kg6 56. Rg1 Rf5 57. Ke4 Rf8 58. Ke3 Rf4 59. Rb1 Rf6 60. Rg1 Rf7 61. Ke4 Rf5 62. Ke3 Kh5 63. Ke4 $1 Rf2 64. Ke3 Rf5 65. Ke4 $1 Rf4+ 66. Ke3 Rg4 67. Rb1 Rf4 68. Rg1 Rf8 69. Rh1+ Kg6 70. Rg1 Rf4 71. Rb1 Kf5 72. Ra1 Kg6 (72... Kg4 $5) 73. Rg1 Rf5 74. Ke4 Rf8 75. Ke3 Rf7 76. Ke4 Rf5 77. Rg2 $2 (77. Ke3 $11) 77... Rf1 $19 78. Rb2 Kh5 79. Rh2+ Kg4 80. Rg2+ Kh4 81. Kd4 0-1